Map: Catalyst LE

Players

ShoWTimE - Winner!

  • Race: Protoss Protoss
  • Spawn Location: 11:00

PandaBearMe

  • Race: Zerg Zerg
  • Spawn Location: 5:00

Event: WCS Austin 2018

VOD

Have the link to the VOD?

Description

Time

  • Played on: June 1, 2018, 2:24 p.m.
  • Length: 8:52

All games in this series

Show
View Real Time Build Order
Export as new Build Order

ShoWTimE Protoss - Winner!

Build Orders: 1 Gate Expand, Oracle Opening, Phoenix Opening, Zealot Archon 

Get SALT Encoding   

  12  0:00  Probe  
  13  0:12  Probe  
  14  0:18  Pylon  
  14  0:24  Probe  
  15  0:32  Probe  
  15  0:41  Probe  
  16  0:42  Gateway  
  16  0:47  Assimilator  
  17  0:51  Probe  
  18  1:03  Probe  
  19  1:15  Probe  
  20  1:26  Nexus  
  20  1:36  Cybernetics Core  
  20  1:39  Probe  
  21  1:45  Assimilator  
  21  1:51  Probe  
  22  1:54  Pylon  
  22  2:03  Probe  
  22  2:04  Adept  
  25  2:16  Stargate  
  25  2:18  Probe  
  26  2:24  Warp Gate  
  26  2:31  Probe  
  26  2:33  Adept  
  26  2:34  Probe  
  29  2:42  Probe  
  29  2:43  Probe  
  32  2:51  Phoenix  
  32  2:52  Probe  
  32  2:55  Probe  
  34  3:02  Pylon  
  34  3:04  Oracle, Probe  
  37  3:09  Probe  
  41  3:21  Shield Battery  
  41  3:25  Gateway  
  41  3:28  Probe  
  41  3:30  Probe  
  41  3:34  Adept  
  45  3:40  Pylon  
  46  3:43  Oracle  
  46  3:45  Pylon  
  45  3:51  Gateway  
  48  3:59  Probe x2  
  48  4:02  Shield Battery  
  48  4:10  Probe  
  48  4:11  Probe  
  50  4:18  Gateway, Probe  
  50  4:19  Assimilator  
  50  4:21  Assimilator  
  50  4:23  Probe  
  52  4:26  Probe  
  52  4:27  Sentry  
  52  4:28  Sentry  
  57  4:31  Pylon  
  57  4:35  Probe  
  57  4:38  Probe  
  59  4:41  Pylon  
  59  4:45  Pylon  
  59  4:48  Probe  
  59  4:50  Probe  
  59  4:51  Zealot x2  
  65  5:00  Probe  
  65  5:02  Probe  
  65  5:04  Robotics Facility  
  67  5:12  Probe  
  68  5:14  Probe  
  68  5:16  Adept x3  
  75  5:22  Pylon  
  75  5:24  Probe  
  75  5:26  Probe  
  77  5:29  Nexus  
  77  5:35  Forge  
  77  5:41  Probe x2  
  77  5:42  Twilight Council  
  79  5:46  Shield Battery  
  79  5:49  Sentry, Protoss Ground Weapons Level 1, Pylon  
  81  5:53  Observer, Probe  
  83  5:59  Probe  
  83  6:04  Adept x2  
  83  6:05  Probe  
  83  6:08  Charge  
  88  6:14  Immortal  
  88  6:15  Probe  
  88  6:17  Shield Battery, Probe  
  94  6:29  Templar Archives  
  94  6:30  Probe  
  94  6:31  Gateway  
  95  6:34  Probe  
  96  6:43  Gateway x2  
  96  6:45  Warp Prism  
  96  6:46  Gateway  
  96  6:52  Probe x2  
  96  6:53  Assimilator x2  
  100  7:07  High Templar x3  
  106  7:11  Probe  
  106  7:13  Archon  
  106  7:14  Photon Cannon  
  107  7:19  Probe  
  108  7:24  Gateway  
  108  7:26  Pylon  
  108  7:31  Immortal  
  112  7:39  High Templar x2  
  112  7:41  Zealot x3  
  112  7:42  Zealot  
  112  7:43  Archon  
  122  7:48  High Templar  
  124  7:55  Archon  
  124  7:57  Probe x3  
  127  8:00  Photon Cannon  
  127  8:05  Pylon  
  127  8:09  Probe  
  128  8:13  Zealot x2  
  128  8:16  Pylon  
  128  8:17  Pylon  
  132  8:25  Zealot x4  
  131  8:36  Zealot x4  
  131  8:47  Zealot x4  
Show
View Real Time Build Order
Export as new Build Order

PandaBearMe Zerg 

Build Orders: Hatch First, Zergling Baneling 

Get SALT Encoding   

  12  0:01  Drone  
  13  0:12  Overlord  
  13  0:17  Drone  
  14  0:30  Drone  
  15  0:44  Hatchery  
  15  0:48  Drone  
  15  0:52  Drone  
  15  0:55  Drone  
  17  1:00  Drone  
  17  1:02  Extractor  
  17  1:15  Spawning Pool  
  16  1:18  Drone  
  16  1:22  Drone  
  18  1:31  Drone  
  19  1:43  Drone  
  20  1:54  Overlord  
  20  2:02  Queen  
  20  2:04  Metabolic Boost  
  24  2:08  Zergling x2  
  24  2:15  Drone x2  
  27  2:17  Zergling x2  
  27  2:20  Drone  
  29  2:27  Drone  
  28  2:39  Baneling Nest  
  28  2:43  Hatchery  
  26  2:47  Zergling x2  
  28  2:54  Overlord  
  28  2:55  Zergling x2  
  29  2:59  Zergling x2  
  29  3:03  Zergling x4  
  31  3:14  Overlord  
  31  3:15  Zergling x4  
  31  3:16  Zergling x2  
  34  3:21  Zergling x4  
  36  3:28  Overlord  
  36  3:30  Zergling x2  
  37  3:39  Baneling x7  
  37  3:40  Baneling  
  37  3:45  Zergling x2  
  37  3:47  Zergling x2  
  39  3:49  Zergling x2  
  34  4:04  Drone  
  34  4:05  Drone x5  
  34  4:09  Drone  
  37  4:14  Drone  
  37  4:16  Drone  
  39  4:17  Drone  
  39  4:19  Drone  
  39  4:21  Drone  
  42  4:25  Drone x2  
  42  4:30  Spore Crawler  
  43  4:32  Spore Crawler  
  43  4:36  Spore Crawler  
  41  4:42  Drone  
  41  4:43  Drone x2  
  41  4:44  Drone x2  
  46  4:49  Queen  
  44  5:00  Drone x5  
  44  5:05  Evolution Chamber  
  48  5:13  Zergling x10  
  52  5:14  Zergling x2  
  52  5:19  Queen  
  54  5:24  Zergling x4  
  54  5:26  Zergling x2  
  56  5:30  Zergling x2  
  56  5:31  Zerg Melee Weapons Level 1  
  56  5:35  Overlord  
  57  5:44  Zergling x2  
  57  5:49  Overlord, Lair  
  58  5:53  Evolution Chamber  
  58  5:55  Evolution Chamber  
  57  5:59  Zergling x8  
  59  6:05  Drone x7  
  59  6:07  Queen  
  59  6:11  Queen  
  67  6:17  Drone x3  
  70  6:21  Drone x3  
  70  6:23  Overlord  
  72  6:28  Zerg Ground Armor Level 1  
  72  6:31  Extractor  
  71  6:37  Overlord  
  71  6:38  Drone  
  71  6:39  Drone x3  
  74  6:40  Overlord  
  74  6:41  Zergling x2  
  74  6:43  Zergling x2  
  74  6:44  Zergling x2  
  74  6:45  Zergling x2  
  78  6:50  Zergling x6  
  81  6:55  Zergling x2  
  81  6:57  Zergling x2  
  81  7:02  Drone x2  
  81  7:04  Zergling x4  
  85  7:08  Zergling x4  
  85  7:12  Zergling x2  
  88  7:18  Overlord  
  88  7:19  Zergling x2  
  90  7:22  Zergling x2  
  90  7:23  Zergling x2  
  90  7:25  Zergling x2  
  90  7:29  Overlord  
  92  7:30  Overlord  
  92  7:33  Hatchery  
  92  7:35  Overlord  
  91  7:38  Overlord  
  91  7:42  Overlord, Zergling x2  
  91  7:43  Baneling  
  91  7:44  Baneling x4  
  92  7:45  Zergling x2  
  92  7:48  Baneling x7  
  89  7:55  Zergling x14  
  92  8:02  Zergling x4  
  92  8:03  Zergling x2  
  94  8:10  Zergling x4  
  94  8:13  Zergling x2  
  94  8:18  Hatchery  
  75  8:27  Zergling x2  
  75  8:28  Baneling x8  
  68  8:34  Zergling x2  
  68  8:35  Zergling x20  
Tags
 
Add a new tag
Caveats
  • Supply blocks, unpowered buildings, or Contaminate may cause inaccurate times.
  • Supply counts are checked every 10 seconds.